 Dungeon Crawl Stone Soup version 0.29-a0-88-g03a7b78be7 (webtiles) character file.

Game seed: 1693088762155850683

44 lordive the Grasshopper (level 3, -5/52 HPs)
             Began as a Troll Warper on Feb 5, 2022.
             Slain by Sigmund (9 damage)
             ... on level 2 of the Dungeon.
             The game lasted 00:01:07 (885 turns).

lordive the Grasshopper (Troll Warper)               Turns: 885, Time: 00:01:07

Health: -5/52      AC: 21    Str: 19    XL:     3   Next: 39%
Magic:  4/4        EV:  1    Int: 11    God:
Gold:   27         SH:  0    Dex:  9    Spells: 4/4 levels left

rFire   . . .      SeeInvis .     - Unarmed
rCold   . . .      Faith    .   (no shield)
rNeg    . . .      Spirit   .   (armour currently unavailable)
rPois   +          Reflect  .   (helmet currently unavailable)
rElec   .          Harm     .   (cloak currently unavailable)
rCorr   .          Rampage  .   (gloves unavailable)
Will    .....      NoTele   +   (boots unavailable)
Stlth   +.........              (no amulet)
HPRegen 0.97/turn               (no ring)
MPRegen 0.09/turn               (no ring)

@: tree-form, attractive
A: stationary, stasis, torment immunity, boosted hp, large, unfitting armour,
(claws 3), regeneration 1, (shaggy fur 1), (tough skin 1), (deformed body),
deterioration 1, MP-powered wands
a: no special abilities


You were on level 2 of the Dungeon.
You were a tree.
You visited 1 branch of the dungeon, and saw 2 of its levels.

You collected 27 gold pieces.

Inventory:

Missiles
 c - 5 boomerangs of dispersal (quivered)
Armour
 a - a +0 robe (melded)
Jewellery
 f - a ring of poison resistance
Scrolls
 b - a scroll of blinking
 e - a scroll of identify {unknown}
Potions
 d - a potion of lignification
 h - a potion of mutation


   Skills:
 + Level 1.7 Fighting
 - Level 0.8 Throwing
 + Level 2.3 Dodging
 + Level 2.4 Unarmed Combat
 + Level 1.4 Spellcasting
 * Level 2.6 Translocations


You had 4 spell levels left.
You didn't know any spells.
Your spell library contained the following spells:

 Spells                   Type           Power      Damage    Failure   Level
 Blink                    Tloc           12%        N/A       16%         2
 Gell's Gravitas          Tloc           6%         N/A       30%         3
 Lesser Beckoning         Tloc           6%         N/A       30%         3
 Teleport Other           Tloc           6%         N/A       30%         3
 Manifold Assault         Tloc           6%         N/A       96%         5


Dungeon Overview and Level Annotations

Branches:
Dungeon (2/15)

Altars:

Annotations:
D:2 Robin, Sigmund


Innate Abilities, Weirdness & Mutations

You are a tree.
Your roots penetrate the ground, keeping you stationary.
You cannot be teleported.
You are immune to unholy pain and torment.
Your maximum health is greatly increased.
Your equipment is partially melded.
You are too large for most types of armour.
((You have claws for hands.))
Your natural rate of healing is unusually fast.
((You are covered in fur. (AC +1)))
((You have tough skin. (AC +1)))
((Armour fits poorly on your strangely shaped body.))
Your body sometimes deteriorates upon taking damage.
You expend magic power (3 MP) to strengthen your wands.


Message History

Unknown command.
The hobgoblin hits you. Robin throws the goblin at you!
The goblin closely misses you. x2
The goblin hits you with a +0 club.
Robin says, "A pitiful Troll like you will never find the ORB!"
Robin throws the goblin at you! The goblin completely misses you.
The goblin barely misses you.
You closely miss the goblin. The goblin hits you with a +0 dagger.
* * * LOW HITPOINT WARNING * * *
The goblin hits you with a +0 club.
* * * LOW HITPOINT WARNING * * *
The goblin hits you with a +0 club.
* * * LOW HITPOINT WARNING * * *
The goblin hits you with a +0 dagger.
* * * LOW HITPOINT WARNING * * *
The goblin hits you with a +0 club.
* * * LOW HITPOINT WARNING * * *
It was a potion of lignification.
You turn into a tree.
Your +0 robe melds into your body.
Your roots penetrate the ground.
The goblin hits you but does no damage. x5
It was a potion of attraction.
You feel attractive to monsters.
The goblin hits you but does no damage. x5
It was a potion of mutation.
You feel extremely strange.
Your body twists and deforms.
You feel yourself wasting away.
You feel your magical essence link to the dungeon's wands.
The goblin hits you but does no damage. x5
Something hits you but does no damage.
Okay, then.
You smack the goblin!
You kill the goblin!
The goblin hits you with a +0 dagger.
* * * LOW HITPOINT WARNING * * *
The goblin hits you but does no damage. x3
Unknown command.
You smack the goblin!
You kill the goblin!
The goblin no longer looks unusually strong.
The goblin hits you but does no damage. Something hits you!
You die... ...........# ...........# ...........# ..........# #...)...# #.......# #...gg{.# #..ggggg#

####g♣#.# ##)#.#
#.#.# #.#.# ### #...#
##(# ##..# #### #(.##
#..# ...# #.(.####
#..#
...######...######.##


You could see Robin, 3 hobgoblins and 4 goblins.

Vanquished Creatures
  An adder (D:2)
  4 bats
  A giant cockroach (D:1)
  2 hobgoblins (D:1)
  5 kobolds
  A quokka (D:2)
  3 ball pythons (D:1)
  5 goblins
  20 rats
42 creatures vanquished.

Notes
Turn   | Place    | Note
-------+----------+-------------------------------------------
     0 | D:1      | lordive the Troll Warper began the quest for the Orb.
     0 | D:1      | Reached XP level 1. HP: 19/19 MP: 1/1
   229 | D:1      | Reached XP level 2. HP: 27/27 MP: 3/3
   765 | D:2      | Reached XP level 3. HP: 21/33 MP: 4/4
   870 | D:2      | Noticed Robin
   871 | D:2      | Noticed Sigmund
   880 | D:2      | HP: 1/35 [goblin[Robin] (2)]
   883 | D:2      | Gained mutation: Armour fits poorly on your strangely
                  | shaped body. [potion of mutation]
   883 | D:2      | Gained mutation: Your body sometimes deteriorates upon
                  | taking damage. [potion of mutation]
   883 | D:2      | Gained mutation: You expend magic power (3 MP) to
                  | strengthen your wands. [potion of mutation]
   885 | D:2      | Slain by Sigmund

Illustrated notes

Levels and vault maps discovered:
D:1:      eino_arrival_water_cross, layout_basic, minmay_strange_pillars
D:2:      layout_basic, minmay_rat_hole, uniq_robin, uniq_sigmund

Skill      XL: |  1 |
---------------+----+-----
Dodging        | 2 |  2.3
Fighting       | |  1.7
Throwing       | |  0.8
Unarmed Combat | |  2.4
Spellcasting   | |  1.4
Translocations | |  2.6

Action                   || total
-------------------------++-------
Melee: Unarmed           ||   107
       Punch             ||     1
  Use: Potion            ||     3
Armor: Robe              ||    48
       Skin              ||    20
Dodge: Dodged            ||    80

Table legend: (Time is in decaauts)
 A = Elapsed time spent in this place.
 B = Non-inter-level travel time spent in this place.
 C = Inter-level travel time spent in this place.
 D = Time resting spent in this place.
 E = Time spent auto-exploring this place.
 F = Levels seen in this place.
 G = Mean time per level.
                   A        B        C        D        E       F      G
               +--------+--------+--------+--------+--------+-----+--------+
         Total |    880 |    867 |     13 |      0 |    673 |   2 |  440.0 |
       Dungeon |    880 |    867 |     13 |      0 |    673 |   2 |  440.0 |
               +--------+--------+--------+--------+--------+-----+--------+

Top non-repeatable levels by time:
     D:1: 619 daAuts
     D:2: 260 daAuts
